 Dungeon Crawl Stone Soup version 0.23-a0-767-gdc19b93d68 (webtiles) character file.

503 Flugslaktarn the Cleaver (level 6, -2/51 HPs)
             Began as a Minotaur Fighter on Jan 28, 2019.
             Slain by Sigmund
             ... wielding a +5 scythe of protection
              (7 damage)
             ... on level 5 of the Dungeon.
             The game lasted 00:01:46 (2415 turns).

Flugslaktarn the Cleaver (Minotaur Fighter)         Turns: 2415, Time: 00:01:47

Health: -2/51      AC:  8    Str: 20    XL:     6   Next: 96%
Magic:  5/5        EV:  5    Int:  5    God:
Gold:   205        SH: 14    Dex: 12    Spells: 5/5 levels left

rFire    . . .     SeeInvis .   a - +0 war axe
rCold    . . .     Gourm    .   j - +0 large shield
rNeg     . . .     Faith    .   b - +0 scale mail
rPois    .         Spirit   .   (helmet restricted)
rElec    .         Reflect  .   (no cloak)
rCorr    .         Harm     .   e - +0 pair of gloves
MR       .....                  (no boots)
Stlth    ..........             (no amulet)
HPRegen  0.17/turn              (no ring)
MPRegen  0.09/turn              (no ring)

@: lethally poisoned (-2 -> -3)
A: retaliatory headbutt, horns 2
a: no special abilities


You were on level 5 of the Dungeon.
You were very hungry.

You visited 1 branch of the dungeon, and saw 5 of its levels.

You collected 205 gold pieces.

Inventory:

Hand Weapons
 a - a +0 war axe (weapon)
Armour
 b - a +0 scale mail (worn)
 e - a +0 pair of gloves (worn)
 j - a +0 large shield (worn)
Jewellery
 h - an uncursed amulet of magic regeneration {unknown}
Scrolls
 c - 3 scrolls of identify {unknown}
 g - a scroll of amnesia {unknown}
 m - a scroll of enchant armour {unknown}
 n - a scroll of random uselessness {unknown}
Potions
 d - a potion of might {@q4}
 i - a potion of invisibility {unknown}
 k - a potion of heal wounds {unknown}
 l - a potion of haste {unknown}
 o - a potion of resistance {unknown}
Comestibles
 f - 4 rations {@e1}


   Skills:
 - Level 3.6 Fighting
 + Level 9.1 Axes
 - Level 3.6 Armour
 - Level 3.6 Shields


You had 5 spell levels left.
You didn't know any spells.
Your spell library was empty.

Dungeon Overview and Level Annotations

Branches:
Dungeon (5/15)
 Temple: D:4-7

Altars:
Ashenzari

Annotations:
D:5 Sigmund


Innate Abilities, Weirdness & Mutations

You reflexively headbutt those who attack you in melee.
You have a pair of horns on your head.


Message History

The quokka bites you.
* * * LOW HITPOINT WARNING * * *
You are too injured to fight recklessly!
You are too injured to fight recklessly!
You are too injured to fight recklessly!
You are too injured to fight recklessly!
You are too injured to fight recklessly!
You are too injured to fight recklessly!
You are too injured to fight recklessly!
You are too injured to fight recklessly!
You are too injured to fight recklessly!
You are too injured to fight recklessly!
You are too injured to fight recklessly!
You are too injured to fight recklessly!
You are too injured to fight recklessly!
Unknown command.
You slash the quokka!
You kill the quokka!
Something hits you!
You die...

###..........
.#..........
...........
#..........
#..........
#..........
##.#....{.....
#....<@oo.....
#..#..)†......
# #..........
#..........
#..........
..<........
.#..........
..........)..


You could see 2 orcs.

Vanquished Creatures
  An ice beast (D:5)
  A gnoll sergeant (D:4)
  A scorpion (D:4)
  A hound (D:4)
  An orc priest (D:5)
  A bullfrog skeleton (D:4)
  A worker ant (D:5)
  A hound skeleton (D:4)
  5 gnolls (D:4)
  A howler monkey skeleton (D:5)
  3 adders
  A river rat (D:4)
  A shadow imp (D:5)
  2 adder skeletons (D:4)
  2 worms (D:4)
  3 dart slugs
  A leopard gecko (D:2)
  An orc (D:5)
  3 ball pythons
  5 giant cockroaches
  6 goblins
  4 hobgoblins
  4 jackals (D:2)
  3 quokkas
  4 bats
  4 frilled lizards
  7 kobolds
  2 quokka skeletons (D:4)
  10 rats
80 creatures vanquished.

Notes
Turn   | Place    | Note
-------+----------+-------------------------------------------
     0 | D:1      | Flugslaktarn the Minotaur Fighter began the quest for the
                  | Orb.
     0 | D:1      | Reached XP level 1. HP: 19/19 MP: 0/0
   243 | D:1      | Reached skill level 3 in Axes
   251 | D:1      | Reached XP level 2. HP: 26/26 MP: 1/1
   382 | D:1      | Reached skill level 4 in Axes
   495 | D:2      | Reached XP level 3. HP: 28/31 MP: 2/2
   520 | D:2      | Found a shattered altar of Ashenzari.
   609 | D:2      | Reached skill level 5 in Axes
   978 | D:3      | Reached XP level 4. HP: 39/39 MP: 3/3
   988 | D:3      | You fall through a shaft!
  1001 | D:4      | Reached skill level 6 in Axes
  1192 | D:4      | Reached XP level 5. HP: 45/45 MP: 4/4
  1314 | D:4      | Reached skill level 7 in Axes
  1380 | D:4      | Reached XP level 6. HP: 14/51 MP: 5/5
  1748 | D:4      | Reached skill level 8 in Axes
  2403 | D:5      | Entered Level 5 of the Dungeon
  2403 | D:5      | Noticed an ice beast
  2406 | D:5      | Noticed Sigmund
  2412 | D:5      | Killed an ice beast
  2413 | D:5      | Reached skill level 9 in Axes
  2415 | D:5      | Slain by Sigmund

Vault maps used:
D:1:      lemuel_arrival_tunnels, minmay_heptomino_d4
D:2:      marbit_many_paths, fedhas_ov_isle_minmay
D:3:      chequers_ecumenical_altar_simple_redux
D:4:      first_ration, portal_sewer_entry_a
D:5:      minmay_temple_entry_water_ring, uniq_sigmund

Skill      XL: |  1  2  3  4  5  6 |
---------------+-------------------+-----
Axes           | 3 4 5 6 7 9 |  9.1
Fighting       | |  3.6
Armour         | |  3.6
Shields        | |  3.6

Action                   |  1- 3 |  4- 6 || total
-------------------------+-------+-------++-------
Melee: War axe           |   102 |    85 ||   187
       Headbutt          |    16 |    16 ||    32
  Eat: Chunk             |       |     4 ||     4
Armor: Scale mail        |    58 |    43 ||   101
Dodge: Dodged            |    32 |    20 ||    52
Block: Shield            |    24 |       ||    24
       Large shield      |    45 |    74 ||   119

Table legend:
 A = Non-vault XP
 B = Vault XP
 C = Vault XP percentage of total XP
 D = Non-vault monster count
 E = Vault monster count
 F = Vault count percentage of total count
                 A         B        C        D         E       F
            +---------+---------+-------+---------+---------+-------
      Total |     691 |      28 |   3.9 |      72 |       8 |  10.0
            +---------+---------+-------+---------+---------+-------
        D:1 |      29 |       2 |   6.5 |      19 |       2 |   9.5
        D:2 |      56 |       3 |   5.1 |      19 |       1 |   5.0
        D:3 |       8 |       0 |   0.0 |       7 |       0 |   0.0
        D:4 |     361 |      23 |   6.0 |      20 |       5 |  20.0
        D:5 |     237 |       0 |   0.0 |       7 |       0 |   0.0
            +---------+---------+-------+---------+---------+-------
